 Dungeon Crawl Stone Soup version 0.26.0-15-gc6cd9f7 (webtiles) character file.

Game seed: 8751916185554857083

18 jimeh the Grave Robber (level 2, 0/22 HPs)
             Began as a Deep Dwarf Necromancer on Jan 24, 2021.
             Slain by a leopard gecko (2 damage)
             ... on level 1 of the Dungeon.
             The game lasted 00:01:01 (429 turns).

jimeh the Grave Robber (Deep Dwarf Necromancer)      Turns: 429, Time: 00:01:02

Health: 0/22       AC:  2    Str: 11    XL:     2   Next: 51%
Magic:  2/5        EV: 12    Int: 15    God:
Gold:   23         SH:  0    Dex: 13    Spells: 4/5 levels left

rFire    . . .     SeeInvis .   b - +0 club
rCold    . . .     Faith    .   (no shield)
rNeg     . . .     Spirit   .   a - +0 robe
rPois    .         Reflect  .   (no helmet)
rElec    .         Harm     .   (no cloak)
rCorr    .         Rampage  .   (no gloves)
Will     .....                  (no boots)
Stlth    ++........             (no amulet)
HPRegen  0.00/turn              (no ring)
MPRegen  0.09/turn              (no ring)

@: non-regenerating
A: damage resistance, heal wounds, sense surroundings 1, no regeneration
a: Heal Wounds


You were on level 1 of the Dungeon.
You visited 1 branch of the dungeon, and saw 1 of its levels.

You collected 23 gold pieces.

Inventory:

Hand Weapons
 b - a +0 club (weapon)
Armour
 a - a +0 robe (worn)
Scrolls
 c - 2 scrolls of identify {unknown}
 d - a scroll of fear {unknown}


   Skills:
 + Level 2.3 Dodging
 + Level 2.4 Stealth
 + Level 2.0 Spellcasting
 + Level 5.0 Necromancy


You had 4 spell levels left.
You knew the following spells:

 Your Spells              Type           Power        Failure   Level
a - Pain                  Necr           64%          2%          1

Your spell library contained the following spells:

 Spells                   Type           Power        Failure   Level
 Animate Skeleton         Necr           32%          2%          1
 Vampiric Draining        Necr           8%           9%          3
 Animate Dead             Necr           8%           28%         4
 Agony                    Necr           16%          61%         5


Dungeon Overview and Level Annotations

Branches:
Dungeon (1/15)

Altars:


Innate Abilities, Weirdness & Mutations

You are resistant to damage.
You can heal yourself by infusing magical energy.
You passively map a small area around you.
You do not regenerate.


Message History

* * * LOW HITPOINT WARNING * * *
You are too injured to fight recklessly!
Casting: Pain (safe; 2% risk of failure)
Confirm with . or Enter, or press ? or * to list all spells.
Aiming: Pain (safe; 2% risk of failure)
Press: ? - help, Shift-Dir - straight line, f - leopard gecko
Aim: a leopard gecko (chance to affect: 87%)
The leopard gecko writhes in agony.
The leopard gecko closely misses you. The leopard gecko bites you.
Casting: Pain (safe; 2% risk of failure)
Confirm with . or Enter, or press ? or * to list all spells.
Aiming: Pain (safe; 2% risk of failure)
Press: ? - help, Shift-Dir - straight line, f/p - leopard gecko
Aim: a leopard gecko (heavily wounded, chance to affect: 87%)
The leopard gecko barely resists.
The leopard gecko bites you.
* * * LOW HITPOINT WARNING * * *
Okay, then.
The leopard gecko barely misses you. The leopard gecko bites you.
You die...

........#######..#..........#
##.###.....##....#.#....(...#####
........##.....#...#.............
..###.....#...#..[#..###########
, #........#.......)#
*#.........##.......##
*#..........)........#
#...........#....##.#
#............@##.##.#
............#.l#.#####
..........##...#.# ##
,#.........#.#...# ###.
#.........#.###.# ##...
#.........#.# #.# ##.... ,
#.........#.###.# ##....#
#.........#.##..# ##...### *
#.....).##.#>.## ###...##


You could see a leopard gecko.

Vanquished Creatures
  A dart slug (D:1)
  2 leopard geckos (D:1)
  2 giant cockroaches (D:1)
  A goblin (D:1)
  3 hobgoblins (D:1)
  2 jackals (D:1)
  A frilled lizard (D:1)
12 creatures vanquished.

Notes
Turn   | Place    | Note
-------+----------+-------------------------------------------
     0 | D:1      | jimeh the Deep Dwarf Necromancer began the quest for the
                  | Orb.
     0 | D:1      | Reached XP level 1. HP: 15/15 MP: 3/3
   143 | D:1      | Reached XP level 2. HP: 19/22 MP: 0/4
   261 | D:1      | Reached skill level 5 in Necromancy
   429 | D:1      | Slain by a leopard gecko

Illustrated notes

Levels and vault maps discovered:
D:1:      saegor_arrival_simple_b, layout_rooms, serial_curves, eino_curves_01,
          eino_curves_03

Skill      XL: |  1  2 |
---------------+-------+-----
Necromancy     | 5 |  5.0
Spellcasting   | 2 |  2.0
Dodging        | |  2.3
Stealth        | |  2.4

Action                   || total
-------------------------++-------
Melee: Club              ||    19
 Cast: Pain              ||    23
Armor: Robe              ||     8
Dodge: Dodged            ||    23
